AoeStats
← Tatycomendo

Black Forest

508137070Analyzed
2v2 RM · 27d ago on Sep 21, 2026· 37m 55s· 4 players
Game mode
Random Map
Map size
Medium (4 player)
Population
200
Speed
Normal
Resources
Standard
Victory
Conquest
Starting age
Dark Age
Ending age
Imperial Age
RankedLock teamsTeams togetherTeam positionsShared explorationLock speedFull tech treeHidden civsTurbo modeCheats
Victory
Defeat
🇨🇱 Franks · Chile
614
+16
🇧🇷 Khmer · Brazil
608
+16
vs
🇲🇽 Spanish · Mexico
645
-17
🇲🇽 Teutons · Mexico
582
-15
Tatycomendo
0:36 Loom
16:09 Feudal Age
17:56 Double-Bit Axe
18:36 Man-at-Arms
21:20 Gold Mining
21:24 Stone Mining
21:19 Horse Collar
30:47 Castle Age
29:11 Forging
29:02 Scale Mail Armor
29:07 Scale Barding Armor
31:34 Crossbowman
33:44 Murder Holes
JUCApric
16:41 Feudal Age
20:01 Town Watch
20:35 Double-Bit Axe
24:51 Castle Age
23:13 Fletching
23:26 Padded Archer Armor
25:48 Scale Barding Armor
27:22 Chain Barding Armor
27:13 Forging
27:03 Crossbowman
Barraza1173
12:16 Feudal Age
14:09 Wheelbarrow
13:17 Man-at-Arms
14:03 Double-Bit Axe
14:18 Arson
15:32 Horse Collar
16:29 Loom
21:01 Forging
24:33 Castle Age
23:04 Scale Mail Armor
23:32 Gold Mining
25:26 Long Swordsman
25:52 Gambesons
26:09 Squires
26:52 Iron Casting
27:03 Heavy Plow
27:07 Town Watch
29:04 Hand Cart
emiliofausto1417
8:19 Loom
13:02 Feudal Age
14:00 Man-at-Arms
22:52 Arson
Connection lost

Rejoining the realm…

Still unreachable

The connection could not be restored.

Session expired

The server has moved on; the page needs a fresh start.